SR
CAPITAL HILL INTERNS @ AMARILLO WARHEADS
08/30/2042
 
TOP OF THE 1ST
Capital Hill Interns batting - Pitching for Amarillo Warheads : RHP Khoury Abdul-Rahim
Pitching: RHP Khoury Abdul-Rahim
Batting: LHB Armando García 0-0: Called Strike
0-1: Swinging Strike
0-2: Ball
1-2: Ball
2-2: Ground out 4-3 (Groundball, 4, EV 83.1 MPH)
Batting: RHB Javier Cunchillos 0-0: Called Strike
0-1: Foul Ball, location: 2F
0-2: Ball
1-2: Strikes out swinging, 2-3 out at first.
Batting: RHB Kuniyoshi Kodo 0-0: Ball
1-0: Ball
2-0: Ball
3-0: Called Strike
3-1: Fly out, F9 (Flyball, 9LS, EV 78.8 MPH)
Top of the 1st over - 0 runs, 0 hits, 0 errors, 0 left on base; Capital Hill 0 - Amarillo 0
BOTTOM OF THE 1ST
Amarillo Warheads batting - Pitching for Capital Hill Interns : RHP Gani Palu-ay
Pitching: RHP Gani Palu-ay
Batting: RHB Augusto Ortíz 0-0: Ground out 6-3 (Groundball, 6, EV 86.9 MPH)
Batting: RHB Roy Stewart 0-0: Ball
1-0: Ball
2-0: Fly out, F8 (Line Drive, 8RD, EV 91.2 MPH)
Batting: LHB Tony Hernández 0-0: Ball
1-0: Called Strike
1-1: Foul Ball, location: 2F
1-2: Fly out, F8 (Flyball, 8RXD, EV 78.8 MPH)
Bottom of the 1st over - 0 runs, 0 hits, 0 errors, 0 left on base; Capital Hill 0 - Amarillo 0
TOP OF THE 2ND
Capital Hill Interns batting - Pitching for Amarillo Warheads : RHP Khoury Abdul-Rahim
Batting: RHB Valerio Salviati 0-0: Called Strike
0-1: Ball
1-1: Foul Ball, location: 2F
1-2: Ball
2-2: Ball
3-2: Strikes out looking
Batting: RHB Calvin Myrick 0-0: Called Strike
0-1: Ground out 1-3 (Groundball, 15S, EV 67.5 MPH)
Batting: RHB Augusto Manito 0-0: Ball
1-0: Swinging Strike
1-1: Ball
2-1: DOUBLE (Flyball, 89D, EV 92.5 MPH)
Batting: SHB Anthony Barker 0-0: Ball
1-0: Called Strike
1-1: Foul Ball, location: 2F
1-2: SINGLE (Line Drive, 5D, EV 98.1 MPH)
Augusto Manito to third
Runner from 3rd tries for Home, SAFE, throw by LF to home
Batting: LHB Ernesto Pájaro 0-0: Ball
1-0: Swinging Strike
1-1: Ball
2-1: Foul Ball, location: 2F
2-2: Ball
3-2: Base on Balls
Anthony Barker to second
Batting: RHB Cullen Henderson 0-0: Called Strike
0-1: Swinging Strike
0-2: Strikes out swinging
Top of the 2nd over - 1 run, 2 hits, 0 errors, 2 left on base; Capital Hill 1 - Amarillo 0
BOTTOM OF THE 2ND
Amarillo Warheads batting - Pitching for Capital Hill Interns : RHP Gani Palu-ay
Batting: RHB Soshal Distan Singh 0-0: Ground out 6-3 (Groundball, 6, EV 89.4 MPH)
Batting: RHB Paul Hall 0-0: Called Strike
0-1: Ball
1-1: Ball
2-1: Foul Ball, location: 2F
2-2: Strikes out swinging
Batting: LHB Gerald Riley 0-0: Ball
1-0: Ground out 4-3 (Groundball, 4, EV 86.9 MPH)
Bottom of the 2nd over - 0 runs, 0 hits, 0 errors, 0 left on base; Capital Hill 1 - Amarillo 0
TOP OF THE 3RD
Capital Hill Interns batting - Pitching for Amarillo Warheads : RHP Khoury Abdul-Rahim
Batting: LHB Armando García 0-0: Called Strike
0-1: Foul Ball, location: 2F
0-2: Ball
1-2: Ball
2-2: Strikes out swinging
Batting: RHB Javier Cunchillos 0-0: Called Strike
0-1: Called Strike
0-2: Hit by Pitch
Batting: RHB Kuniyoshi Kodo 0-0: Called Strike
0-1: SINGLE (Flyball, 78M, EV 90.6 MPH)
Javier Cunchillos to second
Batting: RHB Valerio Salviati 0-0: Ball
1-0: Ball
2-0: Ball
3-0: Called Strike
3-1: DOUBLE (Line Drive, 89M, EV 99.4 MPH)
Javier Cunchillos scores
Kuniyoshi Kodo to third
Batting: RHB Calvin Myrick 0-0: Ball
1-0: Ball
2-0: Called Strike
2-1: Foul Ball, location: 2F
2-2: Strikes out looking
Batting: RHB Augusto Manito 0-0: Called Strike
0-1: Ball
1-1: Foul Ball, location: 2F
1-2: Ball
2-2: Fly out, F9 (Flyball, 9S, EV 90.6 MPH)
Top of the 3rd over - 1 run, 2 hits, 0 errors, 2 left on base; Capital Hill 2 - Amarillo 0
BOTTOM OF THE 3RD
Amarillo Warheads batting - Pitching for Capital Hill Interns : RHP Gani Palu-ay
Batting: LHB Jönn Rennenberg 0-0: Called Strike
0-1: Ground out U3 (Groundball, 34, EV 90.0 MPH)
Batting: RHB Héctor Bernard 0-0: Ball
1-0: Swinging Strike
1-1: Foul Ball, location: 2F
1-2: Foul Ball, location: 2F
1-2: Ball
2-2: Fly out, F9 (Flyball, 9LM, EV 88.1 MPH)
Batting: RHB Anthony Bonham 0-0: Ball
1-0: Fly out, F4 (Popup, 3S, EV 73.8 MPH)
Bottom of the 3rd over - 0 runs, 0 hits, 0 errors, 0 left on base; Capital Hill 2 - Amarillo 0
TOP OF THE 4TH
Capital Hill Interns batting - Pitching for Amarillo Warheads : RHP Khoury Abdul-Rahim
Batting: SHB Anthony Barker 0-0: Foul Ball, location: 2F
0-1: Ball
1-1: Called Strike
1-2: SINGLE (Groundball, 34D, EV 98.1 MPH)
Batting: LHB Ernesto Pájaro 0-0: Ball
1-0: Ball
2-0: Ball
3-0: Base on Balls
Anthony Barker to second
Batting: RHB Cullen Henderson 0-0: Called Strike
0-1: Foul Ball, location: 2F
0-2: Ball
1-2: Ball
2-2: Ball
3-2: Foul Ball, location: 2F
3-2: Foul Ball, location: 2F
3-2: Foul Ball, location: 2F
3-2: Fly out, F9 (Flyball, 9LSF, EV 98.8 MPH)
Batting: LHB Armando García 0-0: Ball
Passed Ball!
Anthony Barker to third
Ernesto Pájaro to second
1-0: Called Strike
1-1: Foul Ball, location: 2F
1-2: Ball
2-2: Foul Ball, location: 2F
2-2: Foul Ball, location: 2F
2-2: Fly out, F1 (Line Drive, P, EV 70.0 MPH)
Pitching: RHP Noah Keyte
Batting: RHB Javier Cunchillos 0-0: Swinging Strike
0-1: Ball
1-1: Swinging Strike
1-2: Ball
2-2: Strikes out looking
Top of the 4th over - 0 runs, 1 hit, 0 errors, 2 left on base; Capital Hill 2 - Amarillo 0
BOTTOM OF THE 4TH
Amarillo Warheads batting - Pitching for Capital Hill Interns : RHP Gani Palu-ay
Batting: RHB Augusto Ortíz 0-0: Ball
1-0: Ball
2-0: Foul Ball, location: 2F
2-1: Called Strike
2-2: Foul Ball, location: 2F
2-2: Foul Ball, location: 2F
2-2: Ball
3-2: Foul Ball, location: 2F
3-2: Strikes out looking
Batting: RHB Roy Stewart 0-0: Ball
1-0: SINGLE (Groundball, 34D, EV 103.8 MPH)
Batting: LHB Tony Hernández 0-0: Called Strike
0-1: Fly out, F6 (Popup, 6MD, EV 51.9 MPH)
Batting: RHB Soshal Distan Singh 0-0: Ball
Passed Ball!
Roy Stewart to second
1-0: Fly out, F3 (Popup, 3SF, EV 65.0 MPH)
Bottom of the 4th over - 0 runs, 1 hit, 0 errors, 1 left on base; Capital Hill 2 - Amarillo 0
TOP OF THE 5TH
Capital Hill Interns batting - Pitching for Amarillo Warheads : RHP Noah Keyte
Batting: RHB Kuniyoshi Kodo 0-0: Fly out, F9 (Flyball, 9LSF, EV 88.8 MPH)
Batting: RHB Valerio Salviati 0-0: SOLO HOME RUN (Flyball, 78XD, EV 108.8 MPH), Distance : 407 ft
Batting: RHB Calvin Myrick 0-0: Swinging Strike
0-1: Ball
1-1: Ball
2-1: Foul Ball, location: 2F
2-2: Foul Ball, location: 2F
2-2: Strikes out swinging, 2-3 out at first.
Batting: RHB Augusto Manito 0-0: Ball
1-0: Foul Ball, location: 2F
1-1: Called Strike
1-2: Foul Ball, location: 2F
1-2: Fly out, F4 (Line Drive, 4, EV 66.2 MPH)
Top of the 5th over - 1 run, 1 hit, 0 errors, 0 left on base; Capital Hill 3 - Amarillo 0
BOTTOM OF THE 5TH
Amarillo Warheads batting - Pitching for Capital Hill Interns : RHP Gani Palu-ay
Batting: RHB Paul Hall 0-0: Ball
1-0: Swinging Strike
1-1: Ball
2-1: Ball
3-1: Base on Balls
Batting: LHB Gerald Riley 0-0: Bunt missed!
0-1: Sac Bunt to 13 - play at first, batter OUT! 1-4
Paul Hall to second
Batting: LHB Jönn Rennenberg 0-0: Called Strike
0-1: Ball
1-1: Foul Ball, location: 2F
1-2: Strikes out swinging
Batting: RHB Héctor Bernard 0-0: Ball
1-0: Called Strike
1-1: Swinging Strike
1-2: Strikes out looking
Bottom of the 5th over - 0 runs, 0 hits, 0 errors, 1 left on base; Capital Hill 3 - Amarillo 0
TOP OF THE 6TH
Capital Hill Interns batting - Pitching for Amarillo Warheads : RHP Noah Keyte
Batting: SHB Anthony Barker 0-0: Foul Ball, location: 2F
0-1: Ball
1-1: Ball
2-1: Called Strike
2-2: Ball
3-2: Ground out 6-3 (Groundball, 6M, EV 83.1 MPH)
Batting: LHB Ernesto Pájaro 0-0: Ball
1-0: Ball
2-0: Ball
3-0: Called Strike
3-1: Swinging Strike
3-2: Foul Ball, location: 2F
3-2: Base on Balls
Batting: RHB Cullen Henderson 0-0: Ball
Ernesto Pájaro steals 2nd base
1-0: Reached via error on a dropped throw from SS, E3 (Groundball, 6S, EV 85.0 MPH)
Ernesto Pájaro to third
Batting: LHB Armando García 0-0: Called Strike
0-1: Ball
1-1: Foul Ball, location: 2F
1-2: Ground out U3 (Groundball, 3S, EV 85.6 MPH)
Cullen Henderson to second
Batting: RHB Javier Cunchillos 0-0: Swinging Strike
0-1: Ground out 6-3 (Groundball, 6, EV 83.1 MPH)
Top of the 6th over - 0 runs, 0 hits, 1 error, 2 left on base; Capital Hill 3 - Amarillo 0
BOTTOM OF THE 6TH
Amarillo Warheads batting - Pitching for Capital Hill Interns : RHP Gani Palu-ay
Batting: RHB Anthony Bonham 0-0: SINGLE (Groundball, 4MD, EV 96.9 MPH)
Batting: RHB Augusto Ortíz 0-0: Called Strike
0-1: Ball
1-1: Bunt missed!
1-2: Fielders Choice at 2nd, 1-4 (Groundball, 25, EV 90.6 MPH)
Batting: RHB Roy Stewart 0-0: Ball
1-0: Ball
2-0: Foul Ball, location: 2F
2-1: Ball
3-1: Fly out, F7 (Flyball, 78S, EV 83.1 MPH)
Batting: LHB Tony Hernández 0-0: Called Strike
Augusto Ortíz is caught stealing 2nd base 2-6
Bottom of the 6th over - 0 runs, 1 hit, 0 errors, 0 left on base; Capital Hill 3 - Amarillo 0
TOP OF THE 7TH
Capital Hill Interns batting - Pitching for Amarillo Warheads : RHP Noah Keyte
Batting: RHB Kuniyoshi Kodo 0-0: Ball
1-0: Called Strike
1-1: Ball
2-1: Ground out 4-3 (Groundball, 4, EV 89.4 MPH)
Batting: RHB Valerio Salviati 0-0: Ball
1-0: Swinging Strike
1-1: SINGLE (Line Drive, 7LS, EV 95.0 MPH)
Batting: RHB Calvin Myrick 0-0: Called Strike
Valerio Salviati steals 2nd base
0-1: DOUBLE (Flyball, 8RXD, EV 106.2 MPH)
Valerio Salviati scores
Pitching: RHP Quentin Calkhoven
Batting: RHB Augusto Manito 0-0: Called Strike
0-1: Foul Ball, location: 2F
0-2: Strikes out looking
Batting: SHB Anthony Barker 0-0: Ball
Wild Pitch!
Calvin Myrick to third
1-0: Ball
2-0: SINGLE (Line Drive, 4D, EV 97.5 MPH)
Calvin Myrick scores
Batting: LHB Ernesto Pájaro 0-0: Called Strike
0-1: Ball
1-1: Fly out, F8 (Flyball, 8RXD, EV 93.1 MPH)
Top of the 7th over - 2 runs, 3 hits, 0 errors, 1 left on base; Capital Hill 5 - Amarillo 0
BOTTOM OF THE 7TH
Amarillo Warheads batting - Pitching for Capital Hill Interns : RHP Gani Palu-ay
Batting: LHB Tony Hernández 0-0: Ball
1-0: Ball
2-0: SINGLE (Flyball, 7S, EV 89.4 MPH)
Batting: RHB Soshal Distan Singh 0-0: Foul Ball, location: 2F
0-1: Swinging Strike
0-2: Ball
1-2: Strikes out swinging
Batting: RHB Paul Hall 0-0: Ball
1-0: Fly out, F8 (Flyball, 8RXD, EV 103.1 MPH)
Batting: LHB Gerald Riley 0-0: Ball
1-0: Ball
2-0: Called Strike
2-1: Ball
3-1: Ground out 4-3 (Groundball, 4, EV 87.5 MPH)
Bottom of the 7th over - 0 runs, 1 hit, 0 errors, 1 left on base; Capital Hill 5 - Amarillo 0
TOP OF THE 8TH
Capital Hill Interns batting - Pitching for Amarillo Warheads : RHP Quentin Calkhoven
Batting: RHB Cullen Henderson 0-0: Called Strike
0-1: Foul Ball, location: 2F
0-2: SINGLE (Line Drive, 78S, EV 103.8 MPH)
Batting: LHB Armando García 0-0: Ball
1-0: Called Strike
1-1: Foul Ball, location: 2F
1-2: Grounds into double play, 5-4-3 (Groundball, 5, EV 83.1 MPH)
Batting: RHB Javier Cunchillos 0-0: Called Strike
0-1: Foul Ball, location: 2F
0-2: SINGLE (Groundball, 56D, EV 99.4 MPH)
Batting: RHB Kuniyoshi Kodo 0-0: Called Strike
0-1: Ball
1-1: Fly out, F9 (Flyball, 9S, EV 94.4 MPH)
Top of the 8th over - 0 runs, 2 hits, 0 errors, 1 left on base; Capital Hill 5 - Amarillo 0
BOTTOM OF THE 8TH
Amarillo Warheads batting - Pitching for Capital Hill Interns : RHP Gani Palu-ay
Batting: LHB Jönn Rennenberg 0-0: Foul Ball, location: 2F
0-1: Ball
1-1: Swinging Strike
1-2: SINGLE (Line Drive, 56D, EV 108.1 MPH)
Batting: RHB Héctor Bernard 0-0: Called Strike
0-1: Ball
Wild Pitch!
Jönn Rennenberg to second
1-1: Ball
2-1: Swinging Strike
2-2: Ball
3-2: Foul Ball, location: 2F
3-2: Foul Ball, location: 2F
3-2: Base on Balls
Batting: RHB Anthony Bonham 0-0: Swinging Strike
0-1: Ball
1-1: Called Strike
1-2: Ball
2-2: Strikes out swinging
Pitching: RHP Nobuatsu Toshishai
Batting: RHB Augusto Ortíz 0-0: Called Strike
0-1: Swinging Strike
0-2: Ball
1-2: Strikes out looking
Batting: RHB Roy Stewart 0-0: Called Strike
0-1: Ball
1-1: Ball
2-1: Ball
3-1: SINGLE (Line Drive, 3D, EV 95.0 MPH)
Jönn Rennenberg to third
Héctor Bernard to second
Runner from 3rd tries for Home, SAFE, throw by RF to home
Batting: LHB Tony Hernández 0-0: Ball
1-0: Swinging Strike
1-1: Foul Ball, location: 2F
1-2: Strikes out swinging
Bottom of the 8th over - 1 run, 2 hits, 0 errors, 2 left on base; Capital Hill 5 - Amarillo 1
TOP OF THE 9TH
Capital Hill Interns batting - Pitching for Amarillo Warheads : RHP Quentin Calkhoven
Batting: RHB Valerio Salviati 0-0: Ball
1-0: Called Strike
1-1: Ball
2-1: Foul Ball, location: 2F
2-2: Foul Ball, location: 2F
2-2: Foul Ball, location: 2F
2-2: Ball
3-2: Strikes out swinging
Batting: RHB Calvin Myrick 0-0: Ball
1-0: Called Strike
1-1: Foul Ball, location: 2F
1-2: Foul Ball, location: 2F
1-2: Strikes out swinging
Batting: RHB Augusto Manito 0-0: Called Strike
0-1: Fly out, F7 (Flyball, 78M, EV 88.1 MPH)
Top of the 9th over - 0 runs, 0 hits, 0 errors, 0 left on base; Capital Hill 5 - Amarillo 1
BOTTOM OF THE 9TH
Amarillo Warheads batting - Pitching for Capital Hill Interns : RHP Nobuatsu Toshishai
Batting: RHB Soshal Distan Singh 0-0: Ball
1-0: Swinging Strike
1-1: Ball
2-1: Ground out 5-3 (Groundball, 56, EV 105.6 MPH)
Batting: RHB Paul Hall 0-0: Fly out, F8 (Flyball, 8RD, EV 86.9 MPH)
Batting: LHB Gerald Riley 0-0: Ball
1-0: Called Strike
1-1: Ball
2-1: SINGLE (Groundball, 4S, EV 90.6 MPH) (infield hit)
Batting: LHB Jönn Rennenberg 0-0: Called Strike
0-1: Ball
1-1: SINGLE (Line Drive, 8LS, EV 90.6 MPH)
Gerald Riley to second
Batting: RHB Héctor Bernard 0-0: Swinging Strike
0-1: Swinging Strike
0-2: Ball
1-2: Foul Ball, location: 2F
1-2: Ball
2-2: SINGLE (Line Drive, 4M, EV 98.1 MPH)
Gerald Riley to third
Jönn Rennenberg to second
Pinch Hitting: SHB Warren Espiritu 0-0: Foul Ball, location: 2F
0-1: Foul Ball, location: 2F
0-2: Ball
1-2: Foul Ball, location: 2F
1-2: Foul Ball, location: 2F
1-2: Ball
2-2: Ball
3-2: Fly out, F8 (Line Drive, 8LD, EV 103.1 MPH)
Bottom of the 9th over - 0 runs, 3 hits, 0 errors, 3 left on base; Capital Hill 5 - Amarillo 1
Friday, March 26th, 2021 - OOTP Baseball 20.8 Build 74